AoeStats
← cmd

Arena

509400352Analyzed
2v2 RM · 5d ago on Sep 26, 2026· 36m 32s· 4 players
Game mode
Random Map
Map size
Medium (4 player)
Population
200
Speed
Normal
Resources
Standard
Victory
Conquest
Starting age
Dark Age
Ending age
Imperial Age
RankedLock teamsTeams togetherTeam positionsShared explorationLock speedFull tech treeHidden civsTurbo modeCheats
Victory
Defeat
🇩🇪 Japanese · Germany
943
+13
🇩🇪 Franks · Germany
909
+14
🇺🇸 Poles · United States
914
-15
🇹🇷 Britons · Türkiye
841
-12
burgerkingington
10:43 Feudal Age
10:49 Feudal Age
10:57 Feudal Age
11:03 Feudal Age
11:36 Double-Bit Axe
11:43 Double-Bit Axe
11:50 Double-Bit Axe
11:57 Double-Bit Axe
12:06 Horse Collar
12:13 Horse Collar
14:27 Wheelbarrow
13:37 Loom
13:37 Town Watch
19:15 Castle Age
19:21 Castle Age
19:27 Castle Age
19:33 Castle Age
17:42 Stone Mining
17:49 Stone Mining
17:55 Gold Mining
18:01 Gold Mining
18:08 Fletching
18:15 Fletching
18:24 Fletching
18:30 Fletching
18:52 Scale Barding Armor
19:21 Scale Mail Armor
you son of a bitch im in!
5:14 Loom
10:45 Feudal Age
12:15 Double-Bit Axe
15:15 Wheelbarrow
18:29 Castle Age
22:59 Horse Collar
26:26 Bow Saw
27:39 Hand Cart
27:44 Gold Mining
27:49 Stone Mining
29:44 Padded Archer Armor
29:34 Fletching
35:18 Imperial Age
34:11 Leather Archer Armor
33:52 Bodkin Arrow
34:42 Gold Shaft Mining
34:58 Heavy Plow
helo
11:46 Feudal Age
16:48 Castle Age
15:18 Double-Bit Axe
15:16 Horse Collar
18:23 Gold Mining
19:29 Wheelbarrow
19:02 Loom
19:36 Bow Saw
19:57 Scale Mail Armor
24:43 Fletching
26:29 Heavy Plow
32:17 Gold Shaft Mining
35:55 Imperial Age
34:03 Hand Cart
cmd
11:00 Loom
12:47 Feudal Age
13:54 Double-Bit Axe
16:55 Castle Age
15:30 Gold Mining
17:46 Bow Saw
21:57 Stone Mining
22:43 Gold Shaft Mining
24:38 Scale Barding Armor
24:36 Husbandry
27:07 Wheelbarrow
30:08 Chain Barding Armor
29:59 Forging
32:15 Iron Casting
32:45 Hand Cart
32:41 Fletching
33:10 Ordonnance Companies
36:52 Imperial Age
Connection lost

Rejoining the realm…

Still unreachable

The connection could not be restored.

Session expired

The server has moved on; the page needs a fresh start.